[Event "Late-Titled-Tuesday-Blitz-October-17-2023"]
[Site "Chess.com"]
[Date "2023.10.17"]
[Round "5"]
[White "Mykola-Bortnyk"]
[Black "Sokoloco"]
[Result "1-0"]
[WhiteElo "2986"]
[BlackElo "2707"]
[TimeControl "180+1"]
[EndTime "14:54:37 PDT"]
[Termination "Mykola-Bortnyk won by resignation"]

1. e4 g6 2. d4 Bg7 3. Nf3 d6 4. Bc4 e6 5. O-O Nf6 6. Qe2 O-O 7. e5 Nd5 8. Bg5 f6 9. exf6 Bxf6 10. Bh6 Bg7 11. Bg5 Bf6 12. Bd2 Nc6 13. Nc3 Nxd4 14.
Nxd4 Bxd4 15. Nxd5 exd5 16. Bxd5+ Kg7 17. Rae1 c6 18. Qd3 Qf6 19. Bf3 Bxb2 20. c3 Ba3 21. Qe3 Bc5 22. Qh6+ Kg8 23. Bg5 Qg7 24. Re7 Rf7 25.
Re8+ Rf8 26. Qxg7+ Kxg7 27. Bh6+ Kxh6 28. Rxf8 d5 29.
Re8 b5 30. Bg4 Bxg4 31. Rxa8 b4 32. cxb4 Bxb4 33. Rxa7 d4 34. Ra4 c5 35. a3 Bd2 36.
Rc4 d3 37. Rxg4 1-0

[Event "Late-Titled-Tuesday-Blitz-October-17-2023"]
[Site "Chess.com"]
[Date "2023.10.17"]
[Round "5"]
[White "rasmussvane"]
[Black "GianmarcoVaR"]
[Result "1-0"]
[WhiteElo "2976"]
[BlackElo "2701"]
[TimeControl "180+1"]
[EndTime "14:54:37 PDT"]
[Termination "rasmussvane won on time"]

1. Nf3 d5 2. g3 Nf6 3. Bg2 e6 4. O-O Be7 5. c4 O-O 6. b3 Nbd7 7. Bb2 c5 8. cxd5 Nxd5 9. Nc3 N7f6 10. Rc1 b6 11.
Nxd5 Nxd5 12. d4 Bb7 13. dxc5 Bxc5 14. Ne5 Qe7 15. Qc2 Rac8 16. Qb1 Rfd8 17. Nd3 Ba3 18. Rxc8 Rxc8 19. Rc1 Rxc1+ 20. Qxc1 Bxb2 21. Nxb2 Nf6 22.
Bxb7 Qxb7 23. Nd3 Nd7 24. Qc4 h6 25. f3 Qb8 26. Kf2 Qd6 27. Qc8+ Kh7 28. Qe8 Qd4+ 29. Kg2 Ne5 30. Nf2 Qe3 31. f4 Ng6 32. Qxf7 Qxe2 33. Qxa7 e5 34. f5 1-0

[Event "Late-Titled-Tuesday-Blitz-October-17-2023"]
[Site "Chess.com"]
[Date "2023.10.17"]
[Round "5"]
[White "wgraif"]
[Black "kai_nov"]
[Result "1-0"]
[WhiteElo "2516"]
[BlackElo "2281"]
[TimeControl "180+1"]
[EndTime "14:54:40 PDT"]
[Termination "wgraif won on time"]

1. e4 c5 2. Nc3 Nc6 3. Bb5 Nd4 4. Nf3 e6 5. O-O a6 6. Bd3 Nc6 7. e5 d5 8. exd6 Bxd6 9. b3 Nf6 10. Bb2 O-O 11.
Ne4 Be7 12. a3 b6 13. Ne5 Bb7 14. Nxf6+ Bxf6 15. f4 Bxe5 16. fxe5 Nd4 17. Qh5 g6 18. Qh6 Qd5 19. Qg5 Nxb3 20. Rae1 Nxd2 21. Rf4 c4 22.
Be2 Qc5+ 23. Bd4 Qd5 24. Rh4 Rad8 25. Bf1 1-0

[Event "Late-Titled-Tuesday-Blitz-October-17-2023"]
[Site "Chess.com"]
[Date "2023.10.17"]
[Round "5"]
[White "Laico"]
[Black "Chempiblinka"]
[Result "0-1"]
[WhiteElo "2416"]
[BlackElo "2297"]
[TimeControl "180+1"]
[EndTime "14:54:40 PDT"]
[Termination "Chempiblinka won on time"]

1. e4 c5 2. Nc3 Nc6 3. f4 Nd4 4. Bc4 e6 5. Nf3 Nf6 6. e5 Ng8 7. Nxd4 cxd4 8. Ne2 Bc5 9. d3 d5 10. Bb3 Nh6 11. Ng3 Qh4 12. Qh5 Nf5 13. Ba4+ Bd7 14. Bxd7+ Kxd7 15. Qxf7+ Be7 16. O-O Nxg3 17. hxg3 Qxg3 18.
Qh5 Rac8 19. Rf2 g5 20. fxg5 Rhf8 21. Qe2 Bxg5 22. Bxg5 Qxg5 23. Raf1 Rxf2 24. Qxf2 Re8 25. c3 Qxe5 26. cxd4 Qg5 27. Qf7+ Re7 28. Qf8 Qe3+ 29. Kh1 Qxd4 30. Rf7 Qh4+ 31. Kg1 Qe1+ 32. Kh2 Qe5+ 33.
Kh3 Qh5+ 0-1

[Event "Late-Titled-Tuesday-Blitz-October-17-2023"]
[Site "Chess.com"]
[Date "2023.10.17"]
[Round "5"]
[White "effefe"]
[Black "pedromartinez91"]
[Result "0-1"]
[WhiteElo "2341"]
[BlackElo "2527"]
[TimeControl "180+1"]
[EndTime "14:54:41 PDT"]
[Termination "pedromartinez91 won on time"]

1. d4 Nf6 2. c4 c5 3. d5 e6 4. Nc3 exd5 5. cxd5 Bd6 6. e4 O-O 7. Be2 Re8 8. Qc2 Be5 9. Nf3 Bxc3+ 10. bxc3 d6 11. O-O Bg4 12. h3 Bh5 13. Bg5 Nbd7 14. Rfe1 Qc7 15. Bf1 h6 16. Bh4 g5 17. Bg3 Bxf3 18. gxf3 Ne5 19. Bg2 Nh5 20. Bh2 Qe7 21. Qd2 Qf6 22. Qe2 Nf4 23. Bxf4 gxf4 24. Kh2 Kh7 25. Rg1 Rg8 26. Bh1 Qh4 27. Rg2 Rxg2+ 28. Bxg2 Rg8 29. Rg1 Rg5 30. Bf1 b6 31. Rxg5 hxg5 32.
Bg2 Kg6 33. Kg1 Qh5 34. Kf1 Kf6 35. Ke1 Qh8 36. Kd2 Qe8 37. Qa6 Qd7 38. Ke2 Qc7 39. Kf1 c4 40. Kg1 Nd7 41. Qb5 Ne5 42. Kh2 Qc5 43. Qxc5 bxc5 44. Kg1 Nd7 45. Kf1 Nb6 46. Ke2 Na4 47. Kd2 Nb2 48. Bf1 Kg6 49. Kc2 Na4 50.
Bxc4 Nb6 51. Bf1 f5 52. Bd3 fxe4 53. Bxe4+ Kh5 54. Kd3 Kh4 55. Bf5 Nxd5 56. Ke4 Nxc3+ 57. Kd3 Nxa2 58. Kc4 Nc1 59. Kd5 Ne2 60. Kxd6 Ng1 61. Kxc5 Nxh3 0-1

[Event "Late-Titled-Tuesday-Blitz-October-17-2023"]
[Site "Chess.com"]
[Date "2023.10.17"]
[Round "5"]
[White "Chessdreamer2020"]
[Black "ToddBryant"]
[Result "1-0"]
[WhiteElo "2488"]
[BlackElo "2322"]
[TimeControl "180+1"]
[EndTime "14:54:41 PDT"]
[Termination "Chessdreamer2020 won by checkmate"]

1. e4 c5 2. Nf3 d6 3. d4 cxd4 4. Qxd4 Nc6 5. Qe3 Nf6 6. h3 e6 7.
Be2 Be7 8. O-O O-O 9. c4 a6 10. Rd1 Qa5 11. Nc3 Rd8 12. b3 Bd7 13. Bb2 Be8 14.
a3 Rac8 15. b4 Qc7 16. Rac1 Nd7 17. Nd5 exd5 18. cxd5 Qb6 19. dxc6 Qxe3 20. fxe3 Rxc6 21. Rxc6 bxc6 22. Bxa6 Rb8 23. Nd4 Rb6 24. Bf1 g6 25. Bc1 Ne5 26. Nf3 c5 27. bxc5 Nxf3+ 28. gxf3 dxc5 29.
f4 Ba4 30. Re1 Bb3 31. Bb2 c4 32. Rc1 Rc6 33. e5 Kf8 34. Kf2 Bc5 35. Bd4 Bxa3 36. Ra1 Bb4 37. Ra8+ Ke7 38. Ra7+ Ke8 39. Bg2 Rc8 40. Bd5 Be7 41. e4 h5 42. f5 Bc2 43. f6 Bc5 44. Bxf7+ Kf8 45. Bxc5+ Rxc5 46. Bd5 Ba4 47. Ra8+ Be8 48. f7 c3 49. Rxe8+ Kg7 50.
f8=Q+ Kh7 51. Re7# 1-0

[Event "Late-Titled-Tuesday-Blitz-October-17-2023"]
[Site "Chess.com"]
[Date "2023.10.17"]
[Round "5"]
[White "sari07"]
[Black "Mikhail_Golubev"]
[Result "0-1"]
[WhiteElo "2331"]
[BlackElo "2556"]
[TimeControl "180+1"]
[EndTime "14:54:43 PDT"]
[Termination "Mikhail_Golubev won on time"]

1. Nf3 d6 2. d4 Nf6 3. Nbd2 g6 4. e4 Bg7 5. Bd3 O-O 6. O-O Nc6 7. c3 e5 8. h3 Re8 9. d5 Nb8 10. c4 Nbd7 11. Bc2 a5 12. b3 Rf8 13. a3 Nh5 14. Re1 f5 15. exf5 gxf5 16. Nf1 e4 17. Bg5 Qe8 18. Nd4 Nc5 19. b4 Qg6 20. h4 axb4 21. axb4 Rxa1 22. Qxa1 h6 23. bxc5 dxc5 24. Be3 f4 25.
Qb1 fxe3 26. Nxe3 Bxd4 27. Bxe4 Qg7 28. Nf5 Bxf5 29. Bxf5 Nf4 30. g3 Nh3+ 31. Bxh3 Qxg3+ 32. Bg2 Qxf2+ 33. Kh1 Qxh4+ 0-1

[Event "Late-Titled-Tuesday-Blitz-October-17-2023"]
[Site "Chess.com"]
[Date "2023.10.17"]
[Round "5"]
[White "The_Princess_Moon"]
[Black "topin8"]
[Result "1-0"]
[WhiteElo "2341"]
[BlackElo "2477"]
[TimeControl "180+1"]
[EndTime "14:54:44 PDT"]
[Termination "The_Princess_Moon won on time"]

1. e4 c5 2. Nf3 Nc6 3. Bb5 g6 4. Bxc6 dxc6 5. O-O Bg7 6. Re1 e5 7. h3 Qc7 8. d3 Nf6 9. Be3 b6 10. a4 a5 11. c3 O-O 12. Qc2 Nh5 13. Nbd2 h6 14. d4 cxd4 15. cxd4 exd4 16. Nxd4 c5 17. Nb5 Qc6 18. Nc4 Be6 19. Rad1 Rfd8 20. b3 f5 21. exf5 Bxf5 22. Qc1 g5 23. Rxd8+ Rxd8 24. Rd1 Rxd1+ 25.
Qxd1 Bg6 26. Qd8+ Kh7 27. Qxb6 Qe4 28. Nd2 Qc2 29. Qxc5 Qd1+ 30. Kh2 g4 31. Nc3 g3+ 32. fxg3 Qe1 33. Nf3 Qxg3+ 34. Kh1 Qb8 35. Qe7 1-0

[Event "Late-Titled-Tuesday-Blitz-October-17-2023"]
[Site "Chess.com"]
[Date "2023.10.17"]
[Round "5"]
[White "wanyaland"]
[Black "KNVB"]
[Result "1-0"]
[WhiteElo "2466"]
[BlackElo "2622"]
[TimeControl "180+1"]
[EndTime "14:54:45 PDT"]
[Termination "wanyaland won on time"]

1. d4 Nf6 2. c4 e5 3. dxe5 Ng4 4. Bf4 Nc6 5. Nf3 Bb4+ 6. Nc3 Bxc3+ 7. bxc3 Qe7 8. Qd5 f6 9. exf6 Nxf6 10. Qd1 d6 11. g3 O-O 12. Bg2 Re8 13. Nd4 Ne5 14. O-O Nxc4 15.
Qb3 Qf7 16. Rad1 Ne5 17. h3 Ned7 18. Qxf7+ Kxf7 19. Nb5 g5 20. Be3 Rd8 21. Nxc7 Rb8 22. Rxd6 Ke7 23. Rfd1 Ne8 24. Bxg5+ Ndf6 25. Nxe8 Rxd6 26.
Rxd6 Be6 27. Bxf6+ Kf7 28. Nc7 Bxa2 29. c4 a5 30. Bd5+ Kf8 31. Ne6+ Kf7 32. Nd4+ Kf8 33. Be5 Ra8 34. Bxb7 Ra7 35. Bd5 a4 36. Ne6+ Ke7 37. Rb6 a3 38. Bd6+ Kd7 39. Bxa3 Rxa3 40. Nd4 Kd8 41. e4 Rd3 42. Nc6+ Kc7 43. Ra6 Bb3 44. e5 Bd1 45. f4 Rd2 46. e6 Bh5 47. g4 1-0

[Event "Late-Titled-Tuesday-Blitz-October-17-2023"]
[Site "Chess.com"]
[Date "2023.10.17"]
[Round "5"]
[White "WilliamAlfaroCaracas"]
[Black "sorch29"]
[Result "0-1"]
[WhiteElo "2192"]
[BlackElo "2395"]
[TimeControl "180+1"]
[EndTime "14:54:46 PDT"]
[Termination "sorch29 won on time"]

1. e4 c5 2. Nf3 e6 3. d4 cxd4 4. Nxd4 Nc6 5. Nc3 Qc7 6. Be3 a6 7. Be2 Nf6 8. O-O Be7 9. f4 d6 10. Qd2 O-O 11. Kh1 Nxd4 12. Bxd4 b5 13. e5 Nd7 14. Bf3 Rb8 15. exd6 Bxd6 16. Ne4 Bxf4 17. Qf2 e5 18. Bc3 f5 19. Ng3 e4 20. Qd4 Nf6 21.
Nh5 exf3 22. Nxf4 fxg2+ 23. Nxg2 Bb7 24. Rxf5 Rbd8 25. Qf2 Ne4 26. Rxf8+ Rxf8 27. Qd4 Nf2+ 28. Kg1 Nh3+ 29. Kh1 Nf2+ 30. Kg1 Nh3+ 31. Kh1 Nf4 0-1

[Event "Late-Titled-Tuesday-Blitz-October-17-2023"]
[Site "Chess.com"]
[Date "2023.10.17"]
[Round "5"]
[White "HalfIsCrayfish"]
[Black "NormWeinstein"]
[Result "0-1"]
[WhiteElo "2529"]
[BlackElo "2412"]
[TimeControl "180+1"]
[EndTime "14:54:48 PDT"]
[Termination "NormWeinstein won by checkmate"]

1. b3 Nf6 2. Bb2 g6 3. e4 Bg7 4. e5 Nd5 5. c4 Nb6 6. d4 O-O 7.
Nf3 d6 8. Be2 Nc6 9. exd6 exd6 10.
O-O Bf5 11. h3 a5 12. Qd2 Re8 13. d5 Ne5 14. Nxe5 dxe5 15. Nc3 a4 16. g4 Bd7 17. Ne4 f5 18. Nc5 Qh4 19. Nxd7 Nxd7 20. Qe3 a3 21. Bc3 f4 22. Qe4 Qxh3 23. Qf3 Qxf3 24. Bxf3 e4 25. Bxg7 Kxg7 26. Bd1 Ne5 27. f3 e3 28. Be2 h5 29.
gxh5 Kf6 30. Kg2 gxh5 31. Kh3 Rg8 32. Rg1 c6 33. Kh4 cxd5 34. cxd5 Rad8 35. Rxg8 Rxg8 36. d6 Rg2 37. Re1 Rh2# 0-1

[Event "Late-Titled-Tuesday-Blitz-October-17-2023"]
[Site "Chess.com"]
[Date "2023.10.17"]
[Round "5"]
[White "nochewycandy"]
[Black "Carlitus2004"]
[Result "1/2-1/2"]
[WhiteElo "2713"]
[BlackElo "2487"]
[TimeControl "180+1"]
[EndTime "14:54:50 PDT"]
[Termination "Game drawn by repetition"]

1. c4 e6 2. g3 d5 3. Bg2 c6 4. Nf3 g6 5. Qc2 Bg7 6. O-O Nf6 7. d4 O-O 8. Nbd2 Nbd7 9. b3 b6 10. cxd5 cxd5 11. Ba3 Re8 12. Rfc1 Ba6 13. e3 Rc8 14. Qd1 Rxc1 15. Rxc1 Qb8 16. Bf1 Bxf1 17. Qxf1 Rc8 18. Kg2 Bf8 19. Bxf8 Kxf8 20. Rxc8+ Qxc8 21. Qb5 a6 22. Qb4+ Kg7 23. Qe7 Qf8 24. Qxf8+ Kxf8 25. Kf1 Ke7 26.
Ke2 h6 27. h3 Kd6 28. Kd3 Kc7 29. Ne5 Nxe5+ 30. dxe5 Nd7 31. f4 Kc6 32. a4 Nc5+ 33. Kc3 Kc7 34. g4 Kc6 35. h4 Kc7 36. Kd4 Kc6 37.
Kc3 Kc7 38. h5 gxh5 39. gxh5 Kc6 40. Kd4 Kc7 41. f5 Kc6 42. f6 a5 43. Kc3 Nd7 44. Kd4 Nc5 45. Kc3 Nd7 46. Kd4 Nc5 1/2-1/2

[Event "Late-Titled-Tuesday-Blitz-October-17-2023"]
[Site "Chess.com"]
[Date "2023.10.17"]
[Round "5"]
[White "DanielDardha2005"]
[Black "Jospem"]
[Result "1/2-1/2"]
[WhiteElo "2903"]
[BlackElo "3127"]
[TimeControl "180+1"]
[EndTime "14:54:51 PDT"]
[Termination "Game drawn by repetition"]

1. Nf3 Nf6 2. g3 g6 3. b3 Bg7 4. Bb2 O-O 5. Bg2 d6 6. d4 a5 7. a3 c6 8. c4 Bf5 9. Nc3 Ne4 10. O-O Nxc3 11. Bxc3 Be4 12. Re1 Nd7 13. Bh3 Bxf3 14. exf3 e6 15. f4 Re8 16. b4 c5 17. Qd2 axb4 18. axb4 Rxa1 19. Rxa1 Qc7 20. Bf1 cxd4 21. Bxd4 e5 22. Bb2 exf4 23. Bxg7 Kxg7 24. Qd4+ Nf6 25. Qxf4 Re4 26. Qd2 Qb6 27. Rd1 Re6 28. Qc3 Kg8 29. Bh3 Ne4 30. Qd4 Qxd4 31. Rxd4 Ng5 32. Bxe6 Nf3+ 33. Kf1 Nxd4 34. Bd5 b6 35. Ke1 Nc2+ 36. Kd2 Nxb4 37. Bb7 Kf8 38. Kc3 Na2+ 39. Kb2 Nb4 40. Kc3 Na2+ 41. Kb2 Nb4 42. Kc3 1/2-1/2

[Event "Late-Titled-Tuesday-Blitz-October-17-2023"]
[Site "Chess.com"]
[Date "2023.10.17"]
[Round "5"]
[White "ameetghasi100"]
[Black "Siemba"]
[Result "1-0"]
[WhiteElo "2796"]
[BlackElo "2574"]
[TimeControl "180+1"]
[EndTime "14:54:55 PDT"]
[Termination "ameetghasi100 won by checkmate"]

1. Nf3 Nf6 2. e3 g6 3. d4 Bg7 4. b4 O-O 5. Bb2 d5 6. c4 a5 7. b5 c6 8. a4 Nbd7 9. Nc3 Re8 10. Qb3 Nb6 11. cxd5 Nfxd5 12. bxc6 bxc6 13. Ne4 Nb4 14. Nc5 Bf5 15. e4 Bg4 16. Rd1 Bxf3 17.
gxf3 e5 18. dxe5 Qe7 19. Nd3 Rad8 20. f4 Qh4 21. Bc1 Bf8 22. Be2 Nxd3+ 23. Rxd3 Bb4+ 24. Kf1 c5 25. Rh3 c4 26. Qf3 Qe7 27. Kg2 c3 28. Bb5 Rf8 29. Be3 Nd7 30. Bd4 Rc8 31. Qg4 Nc5 32. f5 c2 33. e6 Nxe6 34. fxe6 c1=Q 35.
Rxc1 Rxc1 36. Rxh7 Bc3 37. Rh8# 1-0

[Event "Late-Titled-Tuesday-Blitz-October-17-2023"]
[Site "Chess.com"]
[Date "2023.10.17"]
[Round "5"]
[White "SereneSalmon"]
[Black "stefan_95"]
[Result "0-1"]
[WhiteElo "2445"]
[BlackElo "2738"]
[TimeControl "180+1"]
[EndTime "14:54:55 PDT"]
[Termination "stefan_95 won on time"]

1. d4 Nf6 2. c4 e6 3. Nf3 b6 4. g3 Ba6 5. b3 b5 6. Bg2 bxc4 7. Ne5 d5 8. bxc4 c6 9. O-O Be7 10. Qa4 O-O 11. Rd1 Nfd7 12. Nxc6 Nxc6 13. Qxa6 Nb4 14. Qa4 Nb6 15. Qb3 dxc4 16. Qc3 N4d5 17. Qc2 Rc8 18.
Nc3 Nxc3 19. Qxc3 Nd5 20. Qc2 c3 21. a3 Qa5 22. e4 Nb6 23. Rd3 Rfd8 24. Be3 Qa4 25. Rc1 Bxa3 26. Qxa4 Nxa4 27. Rc2 Bb4 28. d5 Nb2 29. Rd4 Bc5 30. Rxc3 Bxd4 31. Bxd4 Rxc3 32. Bxc3 Na4 33. Bd4 Nb6 34. Kf1 exd5 35. exd5 Nxd5 36. Bxa7 Nc3 37. f4 Rd2 38. Be3 Ra2 39.
Bd4 Rc2 40. Bf3 Nb5 41. Bf2 g6 42. Kg2 Nd4 43. Be4 Re2 44. Kf1 Rxe4 0-1

[Event "Late-Titled-Tuesday-Blitz-October-17-2023"]
[Site "Chess.com"]
[Date "2023.10.17"]
[Round "5"]
[White "Bauman_Guy"]
[Black "djano"]
[Result "1-0"]
[WhiteElo "2873"]
[BlackElo "2675"]
[TimeControl "180+1"]
[EndTime "14:54:57 PDT"]
[Termination "Bauman_Guy won on time"]

1. e4 c5 2. Nf3 Nc6 3. d4 cxd4 4. Nxd4 g6 5. c4 Bg7 6. Be3 Qb6 7. Nb3 Qd8 8. Nc3 Bxc3+ 9. bxc3 d6 10. c5 Nf6 11.
f3 d5 12. Qc2 dxe4 13. fxe4 Ng4 14. Bf4 O-O 15. h3 e5 16. Bg3 Ne3 17. Qf2 Nxf1 18. Rxf1 f5 19. Rd1 Qe8 20. exf5 Bxf5 21. Qe3 Rd8 22.
Rf2 Rxd1+ 23. Kxd1 Qe6 24. Kc1 Qc4 25. Kb2 a5 26.
Bxe5 a4 27. Bd6 Ra8 28. Nd2 a3+ 29. Ka1 Qb5 30. Nb3 Na5 31. g4 Nxb3+ 32. axb3 Re8 33. Qd2 Qxb3 34. gxf5 a2 35. Rf1 Qc4 36. Qxa2 1-0

[Event "Late-Titled-Tuesday-Blitz-October-17-2023"]
[Site "Chess.com"]
[Date "2023.10.17"]
[Round "5"]
[White "Hasangatin_Ramil"]
[Black "Cristi_Coca"]
[Result "1-0"]
[WhiteElo "2719"]
[BlackElo "2370"]
[TimeControl "180+1"]
[EndTime "14:55:04 PDT"]
[Termination "Hasangatin_Ramil won on time"]

1. e4 c5 2. Nf3 e6 3. g3 Nc6 4.
Bg2 a6 5. O-O b5 6. c3 Bb7 7. d4 cxd4 8. cxd4 Nf6 9. d5 Na5 10.
Re1 Bb4 11. Bd2 Bxd2 12. Nbxd2 O-O 13. b4 Nc4 14. Nxc4 bxc4 15. dxe6 dxe6 16. Qxd8 Rfxd8 17. Ne5 Rac8 18. f3 c3 19. Re2 c2 20. Ree1 Rd2 21.
Rac1 Rcd8 22. Bf1 Rd1 23. Kf2 R8d2+ 24. Be2 Bxe4 25. Rexd1 cxd1=Q 26. Rxd1 Rxd1 27. Bxd1 Bd5 28. a3 Kf8 29. Be2 Bb7 30. Nc4 Ke7 31. Ke3 Nd5+ 32. Kd4 Kd7 33. Ne5+ Ke7 34. f4 f6 35. Nd3 Kd7 36. Nc5+ Kc7 37. Nxe6+ Kb6 38. Nxg7 Ne7 39. Bd3 a5 40. Nf5 Nc6+ 41. Kc3 axb4+ 42. axb4 h6 43. Nxh6 Ne7 44. Bc4 Bg2 45. Ng8 Nf5 46. Nxf6 Ne3 47. g4 1-0

[Event "Late-Titled-Tuesday-Blitz-October-17-2023"]
[Site "Chess.com"]
[Date "2023.10.17"]
[Round "5"]
[White "GoltsevDmitry2000"]
[Black "Payyappat"]
[Result "0-1"]
[WhiteElo "2646"]
[BlackElo "2486"]
[TimeControl "180+1"]
[EndTime "14:55:12 PDT"]
[Termination "Payyappat won by checkmate"]

1. e4 c6 2. d4 d5 3. Nc3 dxe4 4.
Nxe4 Nf6 5. Ng3 g6 6. Nf3 Bg7 7. Bc4 O-O 8. c3 Bg4 9. Qc2 Nbd7 10. h3 Bxf3 11. gxf3 e5 12. h4 Nb6 13. Bb3 exd4 14. h5 Re8+ 15. Kf1 d3 16. Qd1 c5 17. hxg6 c4 18.
gxf7+ Kxf7 19. Ba4 Nxa4 20. Qxa4 Qd5 21. Kg2 b5 22. Qd1 Re6 23. Bh6 Rae8 24. Bxg7 Kxg7 25. Qd2 h5 26. Qf4 Qe5 27. Nf5+ Kg6 28. Qxe5 Rxe5 29. Nd4 Nd5 30. Rh4 Re1 31. Rh1 d2 32. Nc2 Nf4+ 33. Kg3 Ne2+ 34. Kg2 Rxh1 35. Kxh1 Nc1 36. Ne3 Rxe3 37. fxe3 d1=Q+ 38. Kg2 Qe2+ 39. Kg3 Nd3 40.
Rh1 Qf2+ 41. Kh3 Qxf3+ 42. Kh2 Ne5 43. Rg1+ Ng4+ 44. Rxg4+ hxg4 45. e4 Qf2+ 46. Kh1 g3 47. e5 Qh2# 0-1

[Event "Late-Titled-Tuesday-Blitz-October-17-2023"]
[Site "Chess.com"]
[Date "2023.10.17"]
[Round "5"]
[White "victormago"]
[Black "JSlaby"]
[Result "1/2-1/2"]
[WhiteElo "2456"]
[BlackElo "2583"]
[TimeControl "180+1"]
[EndTime "14:55:12 PDT"]
[Termination "Game drawn by stalemate"]

1. d4 Nf6 2. c4 g6 3. Nc3 Bg7 4. e4 O-O 5. Be2 d6 6. Bg5 c5 7. d5 a6 8. Qd2 b5 9. cxb5 axb5 10. Bxb5 Qa5 11. f3 Nbd7 12. Nge2 Ba6 13. Bxa6 Qxa6 14. O-O Rfb8 15. Rab1 Ne5 16. b3 c4 17. Nd4 cxb3 18. axb3 Rc8 19. Rfd1 Qa5 20. Na4 Qxd2 21. Rxd2 Rab8 22.
f4 Nxe4 23. fxe5 Nxg5 24. Nc6 Rb7 25. Nb6 Re8 26. exd6 exd6 27. Nc4 Ne4 28. Re2 f5 29. Rbe1 Rxb3 30. Nxd6 Nxd6 31. Rxe8+ Nxe8 32. Rxe8+ Kf7 33. Re7+ Kf8 34. Rd7 Rd3 35. g3 h5 36. Kg2 g5 37.
Ne7 Rd2+ 38. Kf1 Rxh2 39. Nxf5 Be5 40. Re7 Bxg3 41. Re6 Bf4 42. d6 Rd2 43. Rh6 h4 44. Rh7 Kg8 45. Rd7 h3 46. Nh6+ Kf8 47. Rf7+ Ke8 48.
d7+ Rxd7 49. Rxd7 Kxd7 50. Ng4 Ke6 51. Kf2 Kf5 52. Kf3 h2 53. Nf2 g4+ 54. Kg2 g3 55. Nh1 Kg4 56. Nxg3 Bxg3 57. Kh1 Kh3 1/2-1/2

[Event "Late-Titled-Tuesday-Blitz-October-17-2023"]
[Site "Chess.com"]
[Date "2023.10.17"]
[Round "5"]
[White "Emp3rador"]
[Black "PapaieDudu"]
[Result "1-0"]
[WhiteElo "2536"]
[BlackElo "2374"]
[TimeControl "180+1"]
[EndTime "14:55:12 PDT"]
[Termination "Emp3rador won by resignation"]

1. e4 c5 2. Nf3 d6 3. Bb5+ Nd7 4.
d4 cxd4 5. Qxd4 a6 6. Bxd7+ Qxd7 7. Nc3 e5 8. Qd3 Be7 9. Nd5 Bd8 10. Be3 b5 11. O-O-O Bb7 12. Kb1 Rc8 13. h3 Ne7 14. Nxe5 Qe6 15. Nf3 h6 16. Nd4 Qd7 17. Nxe7 Bxe7 18.
Nf5 Bf8 19. f3 g6 20. Nxd6+ Bxd6 21. Qxd6 Qxd6 22. Rxd6 Ke7 23. Rhd1 g5 24. Rb6 Rc7 25. Bd4 Rhc8 26. c3 f5 27. exf5 Bc6 28. Re1+ Kf7 29.
Rxa6 b4 30. cxb4 Bb5 31. Ra7 Bd3+ 32. Ka1 Bxf5 33. Rxc7+ Rxc7 34. a4 Rb7 35. Bc5 Bd7 36. b5 Kg6 37. b3 h5 38. Kb2 g4 39. hxg4 hxg4 40. fxg4 Bxg4 41. Re7 Rb8 42. b6 Bc8 43. a5 Ba6 44. Ra7 Bb5 45. Kc3 Re8 46. Kb4 Bc6 47.
Rc7 Re4+ 48. Ka3 Bd5 49. a6 Re3 50. a7 Rxb3+ 51. Ka4 Rb1 52. Rc8 Bxg2 53. a8=Q Bxa8 54. Rxa8 Ra1+ 55. Ba3 Rb1 56. Ka5 Ra1 57. Kb5 Rb1+ 58.
Kc6 Kf7 59. b7 Rc1+ 60. Bc5 Rb1 61. b8=Q Ke6 62. Qxb1 Kf6 63. Ra2 1-0

[Event "Late-Titled-Tuesday-Blitz-October-17-2023"]
[Site "Chess.com"]
[Date "2023.10.17"]
[Round "5"]
[White "angryspacevoid"]
[Black "TanitoluwaAps116"]
[Result "0-1"]
[WhiteElo "2462"]
[BlackElo "2622"]
[TimeControl "180+1"]
[EndTime "14:55:13 PDT"]
[Termination "TanitoluwaAps116 won on time"]

1. d4 Nf6 2. Bf4 d6 3. Nc3 g6 4.
e4 Bg7 5. Qd2 Nc6 6. O-O-O O-O 7.
f3 Bd7 8. Bh6 e5 9. d5 Nd4 10.
h4 Nh5 11. Nge2 Nxe2+ 12. Nxe2 f5 13. Bxg7 Kxg7 14. Nc3 Ng3 15. Rh2 f4 16. Ne2 h5 17.
Nxg3 fxg3 18. Rh1 Rf4 19. Bc4 Rxh4 20. Rhf1 Qf6 21. Bb3 Qf4 22. Kb1 Qxd2 23. Rxd2 Rf8 24. c4 b6 25. Kc2 Rxe4 26. Kd3 Ref4 27. Ke2 h4 28. Bc2 h3 29. Ke1 hxg2 30. Rxg2 Bh3 31. Rxg3 Bxf1 32. Rxg6+ Kf7 33. Kxf1 Rxc4 34. Bf5 Rf4 35.
Bc2 Rxf3+ 36. Ke2 Ke7 37. Rh6 Rf2+ 38. Kd1 Rg2 39. Bd3 Rff2 40. Ke1 Rxb2 41. Rh7+ Kf6 42. Rh6+ Kg5 43. Rg6+ Kf4 44. Rf6+ Ke3 45. Bc2 Rg1+ 0-1

[Event "Late-Titled-Tuesday-Blitz-October-17-2023"]
[Site "Chess.com"]
[Date "2023.10.17"]
[Round "5"]
[White "Binary010"]
[Black "aa175"]
[Result "1-0"]
[WhiteElo "2814"]
[BlackElo "2599"]
[TimeControl "180+1"]
[EndTime "14:55:16 PDT"]
[Termination "Binary010 won by resignation"]

1. e4 e5 2. Nf3 Nf6 3. Nxe5 d6 4. Nf3 Nxe4 5. d4 d5 6. Bd3 Bd6 7. O-O O-O 8. c4 c6 9. Nc3 Nxc3 10. bxc3 dxc4 11. Bxc4 Bf5 12. Bg5 Qa5 13. d5 Ba3 14. d6 Qxc3 15. Bb3 Bb2 16. Be7 Bxa1 17. Bxf8 Kxf8 18. Re1 Na6 19. Re7 Bg6 20. Ng5 Qd4 21.
Qf3 Qf6 22. Rxf7+ Bxf7 23. Nxh7+ Kg8 24. Nxf6+ Bxf6 25. Bxf7+ Kxf7 26. Qb3+ Kg6 27. g3 Rd8 28.
Qxb7 Nc5 29. Qxc6 Ne6 30. Kg2 Nd4 31. Qe4+ Kf7 32. Qd5+ Kg6 33. g4 Rh8 34. g5 Ne2 35. Qe4+ Kxg5 36. Qxe2 Rd8 37. Qe3+ Kf5 38. Qxa7 Rxd6 39.
Qc5+ Ke6 40. a4 Rd5 41. Qc6+ Rd6 42. Qe4+ Kd7 43. a5 Kc7 44. Qb4 Ra6 45. Qb5 Ra7 46. Qb6+ 1-0

[Event "Late-Titled-Tuesday-Blitz-October-17-2023"]
[Site "Chess.com"]
[Date "2023.10.17"]
[Round "5"]
[White "mishanick"]
[Black "mind1mover"]
[Result "1-0"]
[WhiteElo "3040"]
[BlackElo "2893"]
[TimeControl "180+1"]
[EndTime "14:55:17 PDT"]
[Termination "mishanick won by resignation"]

1. d4 d6 2. e4 Nf6 3. Nc3 e5 4. Nf3 Nbd7 5. Bc4 Be7 6. a4 O-O 7. O-O c6 8. h3 h6 9. Be3 Re8 10. Re1 exd4 11. Bxd4 Nf8 12. Qd2 Be6 13. Bf1 Ng6 14.
a5 Qc7 15. a6 b5 16. e5 dxe5 17. Nxe5 Nxe5 18. Bxe5 Qb6 19. Bd4 Qc7 20. Qe3 b4 21. Ne4 Nd5 22. Qf3 c5 23. Be3 Nxe3 24. Qxe3 Bf8 25. Rad1 Bf5 26. Qf3 Be6 27. Ng3 Rad8 28. Nh5 Rxd1 29. Rxd1 Rd8 30. Re1 Qd6 31. Nf4 Bf5 32. Bc4 Qd4 33. b3 Bh7 34. Bxf7+ Kh8 35. Bg6 Qf6 36. Bxh7 Kxh7 37. Qe4+ Kg8 38. Ne6 Re8 39. Qc4 Kh8 40. Re3 Bd6 41. g3 Qf5 42. Nxg7 Rxe3 43. Nxf5 Re1+ 44. Kg2 1-0

[Event "Late-Titled-Tuesday-Blitz-October-17-2023"]
[Site "Chess.com"]
[Date "2023.10.17"]
[Round "5"]
[White "Schwindle"]
[Black "Semetey"]
[Result "1-0"]
[WhiteElo "2413"]
[BlackElo "2538"]
[TimeControl "180+1"]
[EndTime "14:55:17 PDT"]
[Termination "Schwindle won by resignation"]

1. e4 a6 2. d4 c6 3. Nc3 d5 4.
Nf3 Bg4 5. h3 Bxf3 6. Qxf3 e6 7.
Bd2 Nf6 8. O-O-O Be7 9. g4 dxe4 10. Nxe4 Qxd4 11. Bd3 Nxe4 12. Bxe4 Qa4 13. Kb1 Nd7 14.
Bc3 Nf6 15. Rhe1 O-O 16. g5 Nd5 17. Rxd5 cxd5 18. Bxh7+ Kxh7 19. Qh5+ Kg8 20. Bxg7 Kxg7 21. Qh6+ Kg8 22. g6 Qh4 23. gxf7+ Rxf7 24. Rg1+ Bg5 25.
Rxg5+ Qxg5 26. Qxg5+ Rg7 27. Qc1 Rf8 28. Qe1 Rf6 29.
b3 Rg2 30. Qe5 Rgxf2 31. Qb8+ Kg7 32. Qxb7+ Kg6 33. Qxa6 R2f3 34. Qe2 Kf7 35. a4 Rxh3 36.
a5 Rh8 37. b4 Rb8 38. b5 e5 39. b6 e4 40. Qh5+ Ke6 41. Qg4+ Ke7 42. Qg5 Rb7 43. Qxd5 Rd7 44. Qxe4+ Re6 45. Qb4+ Kd8 46. b7 1-0